 Dungeon Crawl Stone Soup version 0.29.1-1-gd02db6906a (webtiles) character file.

Game seed: 17648184947722648542

112108 RogueRain17 the Tortoise (level 15, -1/103 HPs)
             Began as a Demonspawn Fire Elementalist on Sept 30, 2022.
             Was the Champion of Ru.
             Slain by a merfolk impaler
             ... wielding a +0 trident
             ... led by Ilsuiw
              (7 damage)
             ... on level 2 of the Shoals.
             The game lasted 02:12:34 (25879 turns).

RogueRain17 the Tortoise (DsFE)                    Turns: 25879, Time: 02:12:36

Health: -1/103     AC: 23    Str: 10    XL:     15   Next: 11%
Magic:  20/34      EV: 21    Int: 22    God:    Ru [******]
Gold:   2255       SH:  0    Dex: 14    Spells: 21/28 levels left

rFire   . . .      SeeInvis +   T - +9 dagger (speed) {Oh weeee}
rCold   + + +      Faith    .   E - orb {guile}
rNeg    . . .      Spirit   .   K - +6 chain mail of the Harvest {Drain rC+++ Regen+ MP+9}
rPois   .          Reflect  .   (helmet unavailable)
rElec   .          Harm     .   Q - +0 cloak
rCorr   +          Rampage  .   s - +0 pair of gloves
Will    .....                   q - +0 pair of boots
Stlth   +.........              D - amulet of the acrobat
HPRegen 1.07/turn               P - ring of flight
MPRegen 0.24/turn               a - ring of see invisible

@: about to teleport, acrobatic, flying, studying Armour
A: horns 3, yellow scales 3, spiny 2, inability to train dodging, no ice magic,
no summoning magic, no transmutations magic, reduced AC 1, inexperienced 1,
missing an eye, demonic magic 2
a: Renounce Religion, Draw Out Power, Power Leap, Apocalypse


You were on level 2 of the Shoals.
You worshipped Ru.
Ru was exalted by your worship.
You visited 6 branches of the dungeon, and saw 26 of its levels.
You also visited: Sewer.

You collected 3455 gold pieces.
You spent 1200 gold pieces at shops.

Inventory:

Hand Weapons
 T - a +9 dagger of speed (weapon) {Oh weeee}
Missiles
 R - 6 silver javelins
Armour
 q - a +0 pair of boots (worn)
 s - a +0 pair of gloves (worn)
 E - an orb of guile (worn)
 K - the +6 chain mail of the Harvest (worn) {Drain rC+++ Regen+ MP+9}
   (You found it on level 7 of the Dungeon)

   rC:        It renders you almost immune to cold.
   MP:        It affects your magic capacity (+9).
   Regen:     It increases your rate of health regeneration.
   Drain:     It drains your maximum health when unequipped.
 Q - a +0 cloak (worn)
Jewellery
 a - a ring of see invisible (right hand)
 e - a +6 ring of dexterity
 k - a +6 ring of intelligence
 u - a ring of protection from cold
 A - an amulet of regeneration
 C - an amulet of reflection
 D - an amulet of the acrobat (around neck)
 H - a +6 ring of intelligence
 I - a ring of ice
 P - a ring of flight (left hand)
 Z - a ring of positive energy
Wands
 h - a wand of quicksilver (6)
 n - a wand of mindburst (10)
 o - a wand of roots (11)
 M - a wand of flame (26)
 S - a wand of polymorph (11)
 W - a wand of paralysis (5)
Scrolls
 b - 5 scrolls of fear
 d - 8 scrolls of fog
 f - a scroll of blinking
 g - 4 scrolls of vulnerability
 j - 5 scrolls of teleportation
 m - 2 scrolls of brand weapon
 t - 2 scrolls of poison
 y - 3 scrolls of immolation
 G - 5 scrolls of magic mapping
 L - 3 scrolls of enchant armour
 N - a scroll of identify
 X - 2 scrolls of silence
 Y - a scroll of amnesia
Potions
 c - 2 potions of haste
 i - a potion of ambrosia
 l - 6 potions of attraction
 p - 8 potions of brilliance
 r - 5 potions of berserk rage
 v - 3 potions of flight {unknown}
 w - 2 potions of heal wounds
 x - 3 potions of cancellation {unknown}
 z - 2 potions of invisibility {unknown}
 B - a potion of resistance {unknown}
 F - 9 potions of curing
 J - 4 potions of lignification {unknown}
 O - 4 potions of mutation {unknown}
 U - a potion of experience {unknown}
 V - 4 potions of magic


   Skills:
 - Level 5.0 Fighting
 + Level 10.9 Short Blades
 - Level 15.0 Armour
 - Level 10.0 Stealth
 - Level 7.0 Spellcasting
 - Level 10.0 Conjurations
 * Level 13.8 Fire Magic


You had 21 spell levels left.
You knew the following spells:

 Your Spells              Type           Power      Damage    Failure   Level
a - Foxfire               Conj/Fire      100%       2x1d9     1%          1
b - Scorch                Fire           100%       2d10      1%          2
c - Flame Wave            Conj/Fire      57%        2d14      12%         4

Your spell library contained the following spells:

 Spells                   Type           Power      Damage    Failure   Level
 Conjure Flame            Conj/Fire      57%        6-21      3%          3
 Inner Flame              Hex/Fire       38%        N/A       28%         3
 Stone Arrow              Conj/Erth      58%        3d10      52%         3
 Mephitic Cloud           Conj/Pois/Air  22%        N/A       77%         3
 Apportation              Tloc           14%        N/A       85%         1
 Necrotise                Necr           28%        1d5       85%         1
 Sandblast                Erth           14%        2d6       85%         1
 Sublimation of Blood     Necr           7%         N/A       94%         2
 Gell's Gravitas          Tloc           7%         N/A       99%         3
 Teleport Other           Tloc           7%         N/A       99%         3
 Leda's Liquefaction      Hex/Erth       3%         N/A       100%        4
 Lee's Rapid Deconstruct  Erth           3%         3d6*      100%        5
 Dispersal                Tloc           3%         N/A       100%        6
 Iron Shot                Conj/Erth      14%        9d4       100%        6
 Maxwell's Capacitive Co  Air            3%         ∞         100%        8
 Ignite Poison            Fire/Tmut/Pois Unusable   N/A       N/A         3
 Summon Small Mammal      Summ           Unusable   N/A       N/A         1
 Passwall                 Tmut/Erth      Unusable   N/A       N/A         2
 Wereblood                Tmut           Unusable   N/A       N/A         2
 Animate Armour           Summ/Erth      Unusable   N/A       N/A         4
 Summon Ice Beast         Ice/Summ       Unusable   N/A       N/A         4
 Summon Lightning Spire   Summ/Air       Unusable   N/A       N/A         4
 Blade Hands              Tmut           Unusable   N/A       N/A         5
 Freezing Cloud           Conj/Ice/Air   Unusable   6-21      N/A         5
 Summon Mana Viper        Hex/Summ       Unusable   N/A       N/A         5
 Statue Form              Tmut/Erth      Unusable   N/A       N/A         6
 Monstrous Menagerie      Summ           Unusable   N/A       N/A         7
 Storm Form               Tmut/Air       Unusable   N/A       N/A         7
 Summon Hydra             Summ           Unusable   N/A       N/A         7

Dungeon Overview and Level Annotations

Branches:
Dungeon (15/15)            Temple (1/1) D:5            Lair (5/5) D:9
 Shoals (2/4) Lair:2        Slime (0/5) Lair:5          Orc (2/2) D:12
    Elf (1/3) Orc:2        Vaults (0/5) D:14         Depths (0/4) D:15
  Sewer (visited)
  Snake: Lair:2-3    Spider: Lair:2-3

Altars:
Ashenzari
Cheibriados
Dithmenos
Fedhas
Gozag
Hepliaklqana
Kikubaaqudgha
Makhleb
Nemelex Xobeh
Okawaru
Qazlal
Ru
Sif Muna
Trog
Uskayaw
Vehumet
Wu Jian
Xom
Yredelemnul
Jiyva

Shops:
D:1 [   D:4 :*   D:14 [[   Orc:2 !::[(

Portals:
Trove: Elf:1 (give +3 shadow dragon scales)

Annotations:
D:4 Natasha
D:6 exclusion: oklob plant
Lair:2 exclusion: door
Lair:3 Rupert
Lair:5 exclusions: obsidian statue and 2 oklob plants
Shoals:2 Ilsuiw


Innate Abilities, Weirdness & Mutations

You have a pair of large horns on your head.
You are completely covered in yellow scales. (AC +4, rCorr)
You are mostly covered in sharp spines.
You cannot train Dodging skill.
You cannot study or cast Ice magic.
You cannot study or cast Summoning magic.
You cannot study or cast Transmutations magic.
You take slightly more damage. (AC -5)
You are somewhat inexperienced. (-1 XL)
You are missing an eye, making it more difficult to aim.
Spells you cast may paralyse nearby enemies.


Message History

The merfolk impaler barely misses you.
The merfolk hits you but does no damage.
As you read the scroll of teleportation, it crumbles to dust.
You feel strangely unstable.
You are engulfed in a cloud of scalding steam.
The merfolk is no longer paralysed.
Ilsuiw begins to cast a spell, but is stunned by your conviction!
The merfolk impaler hits you from afar with a +0 trident!
* * * LOW HITPOINT WARNING * * *
The merfolk hits you from afar with a +0 trident.
* * * LOW HITPOINT WARNING * * *
The merfolk siren chants its luring song.
The merfolk impaler hits you from afar with a +0 trident.
* * * LOW HITPOINT WARNING * * *
The merfolk is engulfed in a cloud of scalding steam.
The merfolk hits you but does no damage.
A snapping turtle comes into view.
Blink to where?
Press: ? - help, Dir - move target You cannot blink away from the merfolk siren!
Blink to where?
Press: ? - help, Dir - move target, f - you
Okay, then.
Ilsuiw attacks as you move away! Ilsuiw hits you but does no damage.
You break out of your daze!
Ilsuiw is engulfed in a cloud of scalding steam.
Ilsuiw mumbles some strange words.
Ilsuiw flickers and vanishes for a moment.
The merfolk hits you from afar with a +0 trident!
* * * LOW HITPOINT WARNING * * *
The merfolk throws a boomerang of dispersal.
The boomerang of dispersal closely misses you.
The snapping turtle is no longer paralysed.
The merfolk impaler hits you from afar with a +0 trident!
* * * LOW HITPOINT WARNING * * *
The merfolk throws a boomerang of dispersal.
The boomerang of dispersal barely misses Ilsuiw.
The boomerang of dispersal closely misses you.
The merfolk impaler hits you from afar with a +0 trident!
You die...

~~~~P~~~~PP~~~~P~~~
.~~~~~~~~P..~PP~~~~
..~.~~~P.##.P~~~~~~
....~~~~.##†§~§t~~~
.....<~...<§§~...~~
#....)m.§t.##.~
##...)#m§mm#
#....#).#.m..~~
..~...?##.@###...(~
.~~~~m# #.## #..~~
~~~~~. ...# ..~~
~~~~~..###. ~~~
~§~~~. . .. ~~~~~
mm ~~~~ m~


You could see Ilsuiw (invisible), a merfolk impaler, 2 snapping turtles and 2
merfolk.

Vanquished Creatures
  Jorgrun (D:14)
  Frances (D:12)
  An ironbound preserver (D:14)
  3 dire elephants (Lair:5)
  Snorg (D:14)
  2 merfolk impalers (Shoals:2)
  Fannar (D:12)
  3 boulder beetles
  An ogre mage (D:15)
  9 centaur warriors
  8 hydras
  Erica (D:10)
  A merfolk avatar (Shoals:1)
  9 two-headed ogres
  2 death knights
  A death yak (Lair:5)
  2 tengu warriors (D:15)
  2 orc high priests (Orc:1)
  Urug (D:10)
  A deep elf knight (Elf:1)
  Nergalle (D:10)
  4 spectral death yaks (Lair:5)
  2 skeletal warriors (D:15)
  A spectral anaconda (Lair:5)
  2 sea snakes (Shoals:1)
  Lodul (D:10)
  A golden dragon zombie (D:15)
  8 orc knights
  2 phantasmal warriors
  4 necromancers
  6 deep elf pyromancers
  3 deep elf zephyrmancers (Elf:1)
  A frost giant zombie (D:15)
  10 ugly things
  An orc sorcerer (Orc:1)
  9 cyclopes
  A salamander (shapeshifter) (D:14)
  4 merfolk sirens
  6 manticores
  An iron dragon skeleton (D:15)
  13 elephants (Lair:5)
  6 black mambas
  Joseph (D:7)
  A water nymph (Shoals:2)
  11 cane toads
  A cane toad (shapeshifter) (D:15)
  A freezing wraith (D:13)
  An unseen horror (D:13)
  2 rime drakes
  2 kobold demonologists
  8 komodo dragons
  An efreet (D:15)
  A meliai (shapeshifter) (D:13)
  3 polar bears
  A wind drake (Shoals:1)
  3 meliai (D:15)
  8 trolls
  4 merfolk
  Grinder (D:3)
  22 dream sheep
  3 snapping turtles (Shoals:1)
  5 blink frogs (Lair:2)
  A spriggan zombie (D:15)
  15 slime creatures
  A centaur simulacrum (D:14)
  A dire elephant simulacrum (Lair:5)
  2 water elementals
  A shadow (D:12)
  36 yaks
  A vampire (D:9)
  9 wyverns
  7 wraiths
  Eustachio (D:4)
  4 basilisks
  A steam dragon (D:8)
  Menkaure (D:4)
  9 wargs
  5 vampire mosquitoes
  14 water moccasins
  An acid dragon (D:12)
  Pargi (Sewer)
  41 orc warriors
  3 elephant zombies (Lair:5)
  An ice beast (D:8)
  A black bear (D:9)
  18 ogres
  An elephant skeleton (Lair:5)
  12 wolves
  A boggart (D:13)
  18 centaurs
  3 kobold brigands
  9 bullfrogs
  A scorpion (D:9)
  4 cane toad simulacra (Lair:5)
  11 wights
  39 killer bees
  An elephant simulacrum (Lair:5)
  4 howler monkeys
  An electric eel (Lair:2)
  9 orc priests
  8 jellies
  7 hounds
  Terence (D:3)
  Natasha (twice) (D:4)
  3 gnoll boudas
  18 orc wizards
  5 iguanas
  Robin (D:4)
  12 gnolls
  13 adders
  A shadow imp (D:7)
  2 ufetubi
  4 worms
  4 dart slugs
  89 orcs
  6 bats
  20 endoplasms
  8 giant cockroaches
  14 goblins
  4 hobgoblins
  4 jackals
  32 kobolds
  8 ball pythons
  8 frilled lizards
  7 rats
  2 butterflies (Lair:1)
790 creatures vanquished.

Vanquished Creatures (collateral kills)
  22 foxfires
22 creatures vanquished.

Vanquished Creatures (others)
  A water elemental (D:14)
  A basilisk (Lair:1)
  A warg (Orc:2)
  2 orc wizards (D:14)
  3 orcs
  A bush (Lair:2)
  1933 foxfires
  18 fungi
  23 plants
  21 withered plants
2004 creatures vanquished.

Grand Total: 2816 creatures vanquished

Notes
Turn   | Place    | Note
-------+----------+-------------------------------------------
     0 | D:1      | RogueRain17 the Demonspawn Fire Elementalist began the
                  | quest for the Orb.
     0 | D:1      | Reached XP level 1. HP: 13/13 MP: 3/3
   182 | D:1      | Gained mutation: You have a pair of small horns on your
                  | head. [demonic ancestry]
   182 | D:1      | Reached XP level 2. HP: 19/19 MP: 0/5
   487 | D:1      | Found Ojelouz's Armour Boutique.
   818 | D:1      | Found a faded altar of an unknown god.
  1400 | D:2      | Gained mutation: You are partially covered in yellow
                  | scales. (AC +2) [demonic ancestry]
  1400 | D:2      | Reached XP level 3. HP: 24/24 MP: 1/6
  2089 | D:2      | Learned a level 2 spell: Scorch
  2138 | D:2      | Gained mutation: Spells you cast may paralyse adjacent
                  | enemies. [demonic ancestry]
  2138 | D:2      | Reached XP level 4. HP: 30/30 MP: 5/7
  2535 | D:3      | Found a glowing drain.
  2562 | D:3      | Reached skill level 5 in Fire Magic
  2571 | Sewer    | Entered a sewer
  2670 | Sewer    | Noticed Pargi
  2679 | Sewer    | Killed Pargi
  2680 | Sewer    | Gained mutation: You are partially covered in sharp spines.
                  | [demonic ancestry]
  2680 | Sewer    | Reached XP level 5. HP: 34/35 MP: 8/8
  2818 | D:3      | Noticed Terence
  2825 | D:3      | Killed Terence
  3377 | D:3      | Found a hazy altar of Hepliaklqana.
  3441 | D:3      | Noticed Grinder
  3450 | D:3      | Killed Grinder
  3451 | D:3      | Reached XP level 6. HP: 41/41 MP: 0/9
  3792 | D:4      | Noticed Eustachio
  3806 | D:4      | Killed Eustachio
  3807 | D:4      | Reached XP level 7. HP: 46/46 MP: 4/10
  4108 | D:4      | Found Copeily's Assorted Antiques.
  4138 | D:4      | Found Sepsuom's Book Shoppe.
  4140 | D:4      | Noticed Menkaure
  4151 | D:4      | Killed Menkaure
  4406 | D:4      | Noticed Robin
  4419 | D:4      | Killed Robin
  4612 | D:4      | Noticed Natasha
  4626 | D:4      | Killed Natasha
  5180 | D:4      | Noticed Natasha
  5188 | D:4      | Killed Natasha
  5261 | D:4      | Noticed Natasha
  5452 | D:5      | Entered Level 5 of the Dungeon
  5590 | D:5      | Gained mutation: You are mostly covered in yellow scales.
                  | (AC +3) [demonic ancestry]
  5590 | D:5      | Reached XP level 8. HP: 52/52 MP: 3/11
  5774 | D:5      | Found a staircase to the Ecumenical Temple.
  6180 | Temple   | Entered the Ecumenical Temple
  6196 | Temple   | Became a worshipper of Ru the Awakened
  6662 | D:6      | Reached skill level 10 in Fire Magic
  6997 | D:6      | Gained mutation: You have a pair of horns on your head.
                  | [demonic ancestry]
  6997 | D:6      | Reached XP level 9. HP: 57/57 MP: 5/12
  7152 | D:6      | Noticed an oklob plant
  7464 | D:7      | Reached skill level 5 in Conjurations
  7474 | D:7      | Gained mutation: You take slightly more damage. (AC -5) [Ru
                  | sacrifice]
  7474 | D:7      | Reached * piety under Ru
  7781 | D:7      | Noticed Joseph
  7801 | D:7      | Killed Joseph
  7802 | D:7      | Reached skill level 1 in Short Blades
  8006 | D:7      | Identified the +6 chain mail of the Harvest {Drain rC+++
                  | Regen+ MP+9}
  8462 | D:8      | Reached skill level 1 in Armour
  8551 | D:8      | Reached skill level 2 in Armour
  8565 | D:8      | Reached XP level 10. HP: 62/63 MP: 11/13
  8773 | D:8      | Reached skill level 3 in Armour
  9141 | D:8      | Found a basalt altar of Yredelemnul.
  9199 | D:8      | Noticed an elephant
  9647 | D:9      | Reached skill level 4 in Armour
  9932 | D:9      | Reached skill level 5 in Short Blades
  9962 | D:9      | Found a staircase to the Lair.
  9981 | D:9      | Gained mutation: Spells you cast may paralyse nearby
                  | enemies. [demonic ancestry]
  9981 | D:9      | Reached XP level 11. HP: 47/68 MP: 14/14
  9988 | D:9      | Reached skill level 5 in Armour
 10099 | D:9      | Found a blossoming altar of Fedhas.
 10651 | D:10     | Entered Level 10 of the Dungeon
 10712 | D:10     | Noticed Urug
 10732 | D:10     | Killed Urug
 11026 | D:10     | Noticed Nergalle
 11034 | D:10     | Killed Nergalle
 11047 | D:10     | Noticed Lodul
 11182 | Lair:1   | Entered Level 1 of the Lair of Beasts
 11309 | Lair:1   | Reached skill level 6 in Armour
 11314 | Lair:1   | Noticed a seven-headed hydra
 11322 | Lair:1   | Killed a seven-headed hydra
 11633 | Lair:1   | Reached skill level 7 in Armour
 12451 | Lair:2   | Noticed a seven-headed hydra
 12466 | Lair:2   | Killed a seven-headed hydra
 12745 | Lair:2   | Noticed an eight-headed hydra
 12753 | Lair:2   | Killed an eight-headed hydra
 12814 | Lair:2   | Reached XP level 12. HP: 74/74 MP: 15/15
 12823 | Lair:2   | Reached skill level 8 in Armour
 12933 | Lair:2   | Found a staircase to the Shoals.
 13627 | Lair:3   | Noticed Rupert
 13856 | Lair:3   | Reached skill level 9 in Armour
 13961 | Lair:3   | Identified a scroll of acquirement
 13962 | Lair:3   | Acquired the +2 buckler of Ybbiciav {Rampage Str+5 Int-3
                  | Stlth+}
 14414 | Lair:4   | Reached skill level 10 in Armour
 14417 | Lair:4   | Reached skill level 10 in Short Blades
 14676 | Lair:4   | Gained mutation: You are somewhat inexperienced. (-1 XL)
                  | [Ru sacrifice]
 14676 | Lair:4   | Reached XP level 11. HP: 68/68 MP: 23/23
 14676 | Lair:4   | Reached ** piety under Ru
 14676 | Lair:4   | Reached *** piety under Ru
 14838 | Lair:4   | Reached skill level 11 in Armour
 14847 | Lair:4   | Noticed a seven-headed hydra
 14860 | Lair:4   | Killed a seven-headed hydra
 14861 | Lair:4   | Reached XP level 12. HP: 74/74 MP: 15/15
 15087 | Lair:5   | Entered Level 5 of the Lair of Beasts
 15205 | Lair:5   | Reached skill level 12 in Armour
 15335 | Lair:5   | Noticed a dire elephant
 15335 | Lair:5   | Noticed a dire elephant
 15447 | Lair:5   | Reached skill level 13 in Armour
 15711 | Lair:5   | Found a viscous altar of Jiyva.
 15712 | Lair:5   | Found a staircase to the Slime Pits.
 15867 | Lair:5   | Noticed a dire elephant
 15891 | Lair:5   | Killed a dire elephant
 16210 | Lair:5   | Reached skill level 14 in Armour
 16221 | Lair:5   | Identified the +10 scimitar "Ikhitz" {flame, +Blink rCorr
                  | SInv}
 16445 | Lair:5   | Killed a dire elephant
 16489 | Lair:5   | HP: 3/62 [spectral anaconda (3)]
 16509 | Lair:5   | Killed a dire elephant
 16510 | Lair:5   | Gained mutation: You have a pair of large horns on your
                  | head. [demonic ancestry]
 16510 | Lair:5   | Reached XP level 13. HP: 45/71 MP: 16/16
 16760 | D:10     | Killed Lodul
 16835 | D:10     | Reached skill level 5 in Stealth
 16859 | D:10     | Gained mutation: You are missing an eye, making it more
                  | difficult to aim. [Ru sacrifice]
 16859 | D:10     | Reached **** piety under Ru
 16940 | D:10     | Noticed Erica
 16970 | D:10     | Killed Erica
 17154 | D:10     | Identified the +4 scale mail of the Scribe {rN+ Str+2}
 17868 | D:11     | Found the +3 woodcutter's axe {vorpal}
 18068 | D:12     | Found a staircase to the Orcish Mines.
 18077 | D:12     | Identified the +6 falchion "Funowk" {flame, Fragile rPois
                  | rF- Str+9}
 18501 | D:12     | Gained mutation: You cannot train Dodging skill. [Ru
                  | sacrifice]
 18501 | D:12     | Reached ***** piety under Ru
 18670 | D:12     | Noticed Fannar
 18680 | D:12     | Killed Fannar
 18927 | D:12     | Noticed Frances
 18940 | D:12     | Killed Frances
 19089 | Orc:1    | Entered Level 1 of the Orcish Mines
 19097 | Orc:1    | Reached skill level 15 in Armour
 19998 | Orc:2    | Entered Level 2 of the Orcish Mines
 20585 | Orc:2    | Found Zychiy's Weapon Shop.
 20626 | Orc:2    | Reached skill level 10 in Stealth
 20633 | Orc:2    | Found Ycotiplo's Armour Emporium.
 20679 | Orc:2    | Found Leasuer's Book Boutique.
 20695 | Orc:2    | Reached skill level 1 in Fighting
 20721 | Orc:2    | Bought a manual of Armour for 1200 gold pieces
 21122 | Orc:2    | Found Qezuemp's Distillery.
 21122 | Orc:2    | Found Maxihusa's Book Emporium.
 21294 | Orc:2    | Found a staircase to the Elven Halls.
 21442 | Orc:1    | Gained mutation: You cannot study or cast Ice magic. [Ru
                  | sacrifice]
 21442 | Orc:1    | Gained mutation: You cannot study or cast Transmutations
                  | magic. [Ru sacrifice]
 21442 | Orc:1    | Gained mutation: You cannot study or cast Summoning magic.
                  | [Ru sacrifice]
 21442 | Orc:1    | Reached ****** piety under Ru
 21448 | Orc:1    | Learned a level 4 spell: Flame Wave
 21464 | Elf:1    | Entered Level 1 of the Elven Halls
 21691 | Elf:1    | Found a portal to a secret trove of treasure.
 21894 | D:13     | Gained mutation: You are mostly covered in sharp spines.
                  | [demonic ancestry]
 21894 | D:13     | Reached XP level 14. HP: 76/91 MP: 19/19
 22674 | D:13     | Reached skill level 10 in Conjurations
 23004 | D:14     | Found Cywouwe's Antique Armour Boutique.
 23058 | D:14     | Identified the +1 robe "Ejunto" {*Corrode Fly rN+ Int+2}
 23152 | D:14     | Reached skill level 5 in Spellcasting
 23189 | D:14     | Reached skill level 5 in Fighting
 23240 | D:14     | Found a gate to the Vaults.
 23340 | D:14     | Noticed Snorg
 23346 | D:14     | Killed Snorg
 23386 | D:14     | Noticed Jorgrun
 23419 | D:14     | Killed Jorgrun
 23569 | D:14     | Found Uclocole's Armour Shop.
 24077 | D:15     | Entered Level 15 of the Dungeon
 24527 | D:15     | Found a staircase to the Depths.
 24696 | D:15     | Found an iron altar of Okawaru.
 25116 | Shoals:1 | Entered Level 1 of the Shoals
 25269 | Shoals:1 | Gained mutation: You are completely covered in yellow
                  | scales. (AC +4, rCorr) [demonic ancestry]
 25269 | Shoals:1 | Reached XP level 15. HP: 103/103 MP: 25/25
 25848 | Shoals:2 | Noticed Ilsuiw
 25879 | Shoals:2 | Slain by a merfolk impaler

Illustrated notes

Levels and vault maps discovered:
D:1:      dpeg_arrival_leaves_temple_mockup, layout_loops_corners,
          dreamdust_ecumenical_altar_statues, serial_bayou, serial_bayou_pond_e,
          serial_bayou_pond_a, serial_bayou_shore_b, serial_bayou_shore_b,
          serial_bayou_crossing, serial_shops, shop, serial_bayou_pond_e,
          minmay_misc_feat_plants
D:2:      layout_rooms, minmay_tetromino_l2
D:3:      layout_loops_corners, mainiacjoe_overflow_alcove_4,
          nzn_hepliaklqana_mist_gate, gup_sewer_entry_glass, uniq_terence,
          uniq_grinder, uniq_crazy_yiuf_cottage
D:4:      layout_basic, serial_shops, shop_fountains, shop, minmay_statues_item,
          uniq_menkaure, uniq_natasha, uniq_eustachio, uniq_robin
D:5:      layout_rooms, minmay_temple_entry_butterflies, serial_park_tiny_2
D:6:      lemuel_slime, layout_rooms
D:7:      layout_rooms, skrybe_limestone_x, uniq_joseph
D:8:      wad_woods_minihive, layout_basic, yredelemnul_altar_generic
D:9:      layout_long_grid, fedhas_ov_isle_minmay, minmay_lair_entry_grove,
          kennysheep_potato
D:10:     layout_long_grid, minmay_misc_feat_secret_circle, uniq_urug,
          uniq_nergalle, uniq_erica, uniq_lodul
D:11:     layout_loops_ring
D:12:     layout_gridville, orc_0_dummy, uniq_frances, uniq_fannar
D:13:     four-leaf_vault, layout_irregular_city
D:14:     layout_loops_ring, skrybe_vaults_entry_preservation, serial_shops,
          shop_statue, nicolae_shop_waterfront, nrook_mini_vaults,
          lemuel_freeze_loot_1, uniq_jorgrun, uniq_snorg
D:15:     gammafunk_depths_entry_grave, layout_rooms, okawaru_ov_weapons_minmay,
          st_stairs_7
Temple:   nicolae_temple_no_exploring_needed
Lair:1:   layout_cave_pods, grunt_megastairs_5, serial_bayou_shore_b,
          lemuel_fruit_fields
Lair:2:   layout_concentric_octagons, elwin_shoals_entry_rooms
Lair:3:   layout_regular_city, guppyfry_snake_entry_garden, st_stairs_10,
          lemuel_fruit_fields, grunt_megastairs_1, uniq_rupert, uniq_gastronok
Lair:4:   layout_gridlike, nicolae_quartered_pool_medium
Lair:5:   due_jungle_book, layout_cave_shapes, minmay_slime_entry_oklob_open,
          grunt_megastairs_2
Shoals:1: layout_shoals
Shoals:2: layout_shoals, uniq_ilsuiw, uniq_donald, uniq_polyphemus
Orc:1:    nicolae_orc_accident_3, layout_diamond_mine, nicolae_orc_crystal_geode
Orc:2:    st_orc_town, layout_caves, serial_shops, nicolae_shop_behind_doors
Elf:1:    eino_elf_arrival_the_gate, layout_gridlike, enter_trove_1,
          serial_shops, nicolae_shop_stone, minmay_elf_annihilation,
          eino_tiny_chamber, moated_statue

Skill      XL: |  1  2  3  4  5  6  7  8  9 10 11 12 13 14 |
---------------+-------------------------------------------+-----
Fire Magic     | 3 4 5 7 9 10 11 12 13 | 13.8
Conjurations   | 4 6 8 9 10 | 10.0
Short Blades   | 3 5 7 10 | 10.9
Armour         | 2 4 11 14 15 | 15.0
Stealth        | 4 10 | 10.0
Dodging        | 0 |  0.0
Fighting       | 2 5 |  5.0
Spellcasting   | 3 7 |  7.0

Action                   |  1- 3 |  4- 6 |  7- 9 | 10-12 | 13-15 || total
-------------------------+-------+-------+-------+-------+-------++-------
Melee: Dagger            |       |     9 |    47 |   430 |   378 ||   864
       Headbutt          |       |     2 |     8 |    97 |    22 ||   129
       Unarmed           |       |     1 |       |       |       ||     1
       Punch             |       |     1 |       |       |       ||     1
 Cast: Foxfire           |    75 |    39 |   216 |   430 |   410 ||  1170
       Scorch            |       |    13 |    22 |     3 |     5 ||    43
       Flame Wave        |       |       |       |       |     2 ||     2
Invok: Sacrifice Health  |       |       |     1 |       |       ||     1
       Sacrifice Experie |       |       |       |     1 |       ||     1
       Sacrifice Arcana  |       |       |       |       |     1 ||     1
       Sacrifice Nimblen |       |       |       |       |     1 ||     1
       Sacrifice an Eye  |       |       |       |       |     1 ||     1
Evoke: Wand              |       |     4 |       |     2 |     1 ||     7
  Use: Potion            |       |     1 |     5 |     6 |     3 ||    15
       Scroll            |       |       |       |    20 |    15 ||    35
 Stab: Paralysed         |       |     6 |    34 |   242 |   257 ||   539
       Sleeping          |       |     1 |       |       |       ||     1
       Distracted        |       |       |       |       |     1 ||     1
       Invisible         |       |       |       |       |     2 ||     2
Armor: Robe              |    10 |     3 |     8 |       |       ||    21
       Chain mail        |       |       |    28 |   187 |   216 ||   431
Dodge: Dodged            |    21 |     9 |    23 |    78 |    86 ||   217
